Map: Dragon Scales LE

Players

A.I. 1 (Very Easy) - Winner!

  • Race: Zerg Zerg
  • Spawn Location: 5:00

VertiGGo

  • Race: Zerg Zerg
  • League: Master
  • Spawn Location: 11:00

VOD

Have the link to the VOD?

Description

Time

  • Played on: Sept. 13, 2023, 7:24 p.m.
  • Length: 6:52
Show
View Real Time Build Order
Export as new Build Order

A.I. 1 (Very Easy) Zerg - Winner!

Build Orders: Pool Only 

Get SALT Encoding   

  6  0:00  Drone  
  13  0:12  Overlord  
  13  0:16  Drone  
  14  0:36  Spawning Pool  
  14  0:37  Extractor  
  14  0:39  Drone  
  13  0:46  Drone  
  14  0:51  Overlord  
  14  1:23  Zergling x2  
  15  1:25  Queen  
  15  1:31  Roach Warren  
  16  1:34  Drone  
  16  1:37  Extractor  
  16  1:42  Drone  
  17  1:51  Zergling x2  
  18  2:01  Drone  
  19  2:08  Drone  
  20  2:16  Drone  
  20  2:20  Zergling x2  
  22  2:27  Overlord  
  22  2:32  Drone  
  23  2:39  Drone  
  24  2:46  Drone  
  24  2:48  Roach  
  27  6:21  Zergling x2  
Show
View Real Time Build Order
Export as new Build Order

VertiGGo Zerg 

Build Orders: 3 Hatch before Pool 

Get SALT Encoding   

  6  0:00  Drone  
  13  0:12  Overlord  
  13  0:16  Drone  
  14  0:30  Drone x2  
  16  0:48  Hatchery  
  15  0:51  Drone  
  15  0:54  Drone  
  17  0:59  Drone  
  18  1:10  Drone  
  19  1:23  Hatchery  
  18  1:25  Drone  
  19  1:37  Drone  
  19  1:39  Spawning Pool  
  19  1:43  Drone  
  20  1:57  Drone  
  20  2:01  Drone x2  
  23  2:12  Overlord  
  23  2:13  Drone  
  24  2:22  Drone x2  
  26  2:29  Queen  
  28  2:30  Queen  
  28  2:34  Drone x2  
  28  2:36  Queen  
  34  2:37  Overlord  
  34  2:44  Extractor  
  34  2:45  Drone x3  
  36  2:56  Drone x2  
  38  3:02  Drone  
  39  3:08  Drone x3  
  42  3:16  Hatchery  
  42  3:17  Drone x3  
  44  3:25  Overlord  
  44  3:27  Drone  
  44  3:28  Drone  
  46  3:39  Overlord, Drone x2  
  46  3:40  Drone x2  
  50  3:45  Overlord  
  50  3:46  Drone x2  
  50  3:47  Drone x2  
  50  3:48  Drone  
  55  3:49  Lair  
  55  3:51  Overlord  
  55  3:53  Drone x2  
  57  3:56  Queen  
  57  4:01  Overlord  
  59  4:03  Drone x2  
  61  4:10  Roach Warren  
  61  4:14  Drone x6  
  66  4:18  Overlord  
  66  4:19  Drone x3  
  66  4:20  Drone  
  66  4:22  Drone  
  71  4:27  Drone x2  
  71  4:28  Drone x2  
  75  4:37  Extractor  
  75  4:38  Extractor, Drone x2  
  75  4:39  Extractor  
  75  4:40  Extractor, Drone x2  
  75  4:41  Extractor  
  75  4:44  Drone x6  
  80  4:48  Evolution Chamber  
  80  4:49  Evolution Chamber  
  80  4:51  Drone x4  
  82  5:02  Drone x4  
  86  5:07  Drone  
  86  5:09  Drone x4  
  86  5:12  Glial Reconstitution  
  86  5:13  Drone x5  
  86  5:14  Drone  
  97  5:16  Overlord  
  97  5:20  Extractor  
  97  5:21  Overlord x3, Extractor  
  96  5:25  Overlord  
  96  5:26  Overlord  
  96  5:27  Roach x2  
  99  5:37  Drone  
  99  5:38  Roach  
  99  5:39  Roach x7  
  116  5:45  Overlord  
  116  5:48  Roach x2  
  120  5:50  Roach  
  120  5:55  Overlord  
  120  5:56  Roach x5  
  132  5:58  Roach  
  132  5:59  Roach  
  132  6:01  Roach x2  
  140  6:06  Overlord x3  
  140  6:11  Roach x4  
  148  6:13  Roach x3  
  154  6:21  Roach x2  
  154  6:23  Roach x5  
  154  6:24  Roach x2  
  154  6:25  Overlord  
  172  6:32  Roach  
Tags
 
Add a new tag
Caveats
  • Supply blocks, unpowered buildings, or Contaminate may cause inaccurate times.
  • Supply counts are checked every 10 seconds.